 Dungeon Crawl Stone Soup version 0.22.1-1-ga44c0e5 (webtiles) character file.

141 nicolaieve the Cudgeler (level 5, -8/45 HPs)
             Began as a Minotaur Berserker on Sept 25, 2018.
             Was a Believer of Trog.
             Mangled by a worm (11 damage)
             ... on level 2 of the Dungeon.
             The game lasted 00:04:52 (1278 turns).

nicolaieve the Cudgeler (Minotaur Berserker)        Turns: 1278, Time: 00:04:53

Health: -8/45      AC:  2    Str: 21    XL:     5   Next: 3%
Magic:  4/4        EV: 12    Int:  4    God:    Trog [**....]
Gold:   89         SH:  0    Dex: 11    Spells: 4/4 levels left

rFire    . . .     SeeInvis .   q - +0 whip
rCold    . . .     Gourm    .   (no shield)
rNeg     . . .     Faith    .   b - +0 animal skin
rPois    .         Spirit   .   (helmet restricted)
rElec    .         Reflect  .   (no cloak)
rCorr    .         Harm     .   (no gloves)
MR       .....                  (no boots)
Stlth    +.........             (no amulet)
HPRegen  0.15/turn              (no ring)
MPRegen  0.09/turn              (no ring)

@: no status effects
A: retaliatory headbutt, horns 2
a: Berserk, Trog's Hand, Renounce Religion


You were on level 2 of the Dungeon.
You worshipped Trog.
Trog was pleased with you.
You were not hungry.

You visited 1 branch of the dungeon, and saw 2 of its levels.

You collected 89 gold pieces.

Inventory:

Hand Weapons
 j - a +0 hunting sling
 q - a +0 whip (weapon)
Missiles
 m - 72 stones (quivered)
Armour
 b - a +0 animal skin (worn)
Scrolls
 d - 3 scrolls of teleportation {unknown}
 f - a scroll of blinking {unknown}
 k - a scroll of noise {unknown}
 n - a scroll of fog {unknown}
 o - a scroll of fear {unknown}
 p - a scroll of enchant armour {unknown}
Potions
 e - a potion of degeneration {unknown}
 g - a potion of flight {unknown}
 h - a potion of cancellation {unknown}
 i - 2 potions of heal wounds {unknown}
Comestibles
 c - 2 rations
 l - 11 chunks of flesh


   Skills:
 - Level 3.6 Fighting
 + Level 7.0 Maces & Flails
 - Level 2.4 Armour
 - Level 2.1 Dodging


You had 4 spell levels left.
You didn't know any spells.
Your spell library was empty.

Dungeon Overview and Level Annotations

Branches:
Dungeon (2/15)

Altars:
Gozag

Shops:
D:2 *


Innate Abilities, Weirdness & Mutations

You reflexively headbutt those who attack you in melee.
You have a pair of horns on your head.


Message History

Eating one of 12 chunks of flesh.
You eat one of the 12 chunks of flesh.
This raw flesh tastes terrible.
A worm comes into view.
You are too injured to fight recklessly!
You are too injured to fight recklessly!
You are too injured to fight recklessly!
You are too injured to fight recklessly!
The worm bites you!
* * * LOW HITPOINT WARNING * * *
You barely miss the worm. The worm bites you!
* * * LOW HITPOINT WARNING * * *
You hit the worm.
The worm is lightly wounded.
You hit the worm.
The worm is lightly wounded.
Unknown command.
You hit the worm.
The worm is moderately wounded.
The worm bites you!
You die...

#. #.######### #.#....@w.#
####.#.#####.# . #......# #
###.# .. #......# ..#.# ...
#......# #### #.#.#
....####+#.#.......... #.#.#
...........#.......... #.#.#
...........#...........#.#.#
.......)...#...........#.#.###


You could see a worm.

Vanquished Creatures
  3 gnolls (D:2)
  6 adders (D:2)
  A worm (D:2)
  A dart slug (D:1)
  2 leopard geckos
  A giant cockroach (D:1)
  5 goblins
  13 hobgoblins
  2 jackals (D:1)
  A ball python (D:1)
  7 bats
  4 frilled lizards
  4 kobolds (D:1)
  5 rats
55 creatures vanquished.

Notes
Turn   | Place    | Note
-------+----------+-------------------------------------------
     0 | D:1      | nicolaieve the Minotaur Berserker began the quest for the
                  | Orb.
     0 | D:1      | Reached XP level 1. HP: 19/19 MP: 0/0
     6 | D:1      | Noticed a rime drake
     6 | D:1      | Noticed a hound
     7 | D:1      | Noticed a swamp worm
     7 | D:1      | Noticed an iguana
    53 | D:1      | Reached skill level 4 in Maces & Flails
   105 | D:1      | Reached XP level 2. HP: 18/26 MP: 1/1
   596 | D:1      | Reached ** piety under Trog
   596 | D:1      | Reached skill level 5 in Maces & Flails
   604 | D:1      | Reached XP level 3. HP: 27/31 MP: 2/2
   913 | D:2      | Found Gozag's Platinum Reserve.
   925 | D:2      | Found an opulent altar of Gozag.
   956 | D:2      | Reached skill level 6 in Maces & Flails
   956 | D:2      | Reached XP level 4. HP: 17/39 MP: 3/3
  1041 | D:2      | HP: 1/39 [gnoll (6)]
  1120 | D:2      | Found a faded altar of an unknown god.
  1226 | D:2      | Reached XP level 5. HP: 12/45 MP: 4/4
  1256 | D:2      | Reached skill level 7 in Maces & Flails
  1275 | D:2      | HP: 2/45 [worm (9)]
  1278 | D:2      | Mangled by a worm

Skill      XL: |  1  2  3  4  5 |
---------------+----------------+-----
Maces & Flails | 4 5 6 7 |  7.0
Fighting       | |  3.6
Armour         | |  2.4
Dodging        | |  2.1

Action                   |  1- 3 |  4- 6 || total
-------------------------+-------+-------++-------
Melee: Mace              |    73 |    13 ||    86
       Headbutt          |     7 |     8 ||    15
       Whip              |       |    35 ||    35
Invok: Berserk           |     1 |     2 ||     3
       Trog's Hand       |     1 |     1 ||     2
  Eat: Chunk             |       |     5 ||     5
Armor: Animal skin       |    16 |     3 ||    19
Dodge: Dodged            |    59 |    17 ||    76
